EVO
VANDERBILT UNIVERSITY COMMODORES @ UCLA BRUINS
08/31/2046
 
TOP OF THE 1ST
Vanderbilt University Commodores batting - Pitching for UCLA Bruins : RHP Ernesto Reynaga
Pitching: RHP Ernesto Reynaga
Batting: LHB Nate Greening 0-0: Ball
1-0: Foul Ball, location: 2F
1-1: Foul Ball, location: 2F
1-2: Ball
2-2: Foul Ball, location: 2F
2-2: Ball
3-2: SOLO HOME RUN (Flyball, 89XD, EV 102.5 MPH), Distance : 407 ft
Batting: RHB Gary Smith 0-0: Called Strike
0-1: Foul Ball, location: 2F
0-2: Foul Ball, location: 2F
0-2: Ball
1-2: Ball
2-2: Ball
3-2: Strikes out swinging
Batting: RHB Luis Jara 0-0: Ball
1-0: Ball
2-0: Fly out, F9 (Flyball, 89S, EV 90.0 MPH)
Batting: LHB Pete Mitchell 0-0: Ball
1-0: SOLO HOME RUN (Flyball, 8LXD, EV 116.9 MPH), Distance : 479 ft
Batting: LHB Jose Diaz 0-0: Ground out 4-3 (Groundball, 4, EV 82.5 MPH)
Top of the 1st over - 2 runs, 2 hits, 0 errors, 0 left on base; Vanderbilt University 2 - UCLA 0
BOTTOM OF THE 1ST
UCLA Bruins batting - Pitching for Vanderbilt University Commodores : RHP Hector Agudelo
Pitching: RHP Hector Agudelo
Batting: RHB Benedikt Fleischmann 0-0: Called Strike
0-1: Ball
1-1: Ball
2-1: SOLO HOME RUN (Flyball, 7LD, EV 93.1 MPH), Distance : 353 ft
Batting: RHB Hidesuke Yoshida 0-0: SINGLE (Groundball, 6MS, EV 71.2 MPH) (infield hit)
Batting: RHB Xavier Reeves 0-0: Foul Ball, location: 2F
0-1: Ball
1-1: Ball
2-1: Grounds into double play, 6-4-3 (Groundball, 56D, EV 88.1 MPH)
Batting: LHB Freddy Monge 0-0: Called Strike
0-1: Ground out 6-3 (Groundball, 6, EV 82.5 MPH)
Bottom of the 1st over - 1 run, 2 hits, 0 errors, 0 left on base; Vanderbilt University 2 - UCLA 1
TOP OF THE 2ND
Vanderbilt University Commodores batting - Pitching for UCLA Bruins : RHP Ernesto Reynaga
Batting: RHB Steve Webb 0-0: Fly out, F7 (Flyball, 7S, EV 76.9 MPH)
Batting: LHB Chad Carlson 0-0: Ball
1-0: Called Strike
1-1: Ground out 4-3 (Groundball, 4, EV 93.1 MPH)
Batting: RHB Pakiana Kileona 0-0: Ball
1-0: Ball
2-0: Called Strike
2-1: Foul Ball, location: 2F
2-2: Fly out, F8 (Flyball, 8RD, EV 101.2 MPH)
Top of the 2nd over - 0 runs, 0 hits, 0 errors, 0 left on base; Vanderbilt University 2 - UCLA 1
BOTTOM OF THE 2ND
UCLA Bruins batting - Pitching for Vanderbilt University Commodores : RHP Hector Agudelo
Batting: RHB Issac Konol 0-0: Called Strike
0-1: Ground out 3-1 (Groundball, 34, EV 92.5 MPH)
Batting: SHB Sean Munns 0-0: Called Strike
0-1: Ball
1-1: Foul Ball, location: 2F
1-2: Foul Ball, location: 2F
1-2: Strikes out swinging
Batting: RHB Carlos Murillo 0-0: Ball
1-0: Foul Ball, location: 2F
1-1: Ground out 4-3 (Groundball, 4, EV 97.5 MPH)
Bottom of the 2nd over - 0 runs, 0 hits, 0 errors, 0 left on base; Vanderbilt University 2 - UCLA 1
TOP OF THE 3RD
Vanderbilt University Commodores batting - Pitching for UCLA Bruins : RHP Ernesto Reynaga
Batting: LHB Mario Garza 0-0: Called Strike
0-1: Ground out 4-3 (Groundball, 4, EV 77.5 MPH)
Batting: LHB Nate Greening 0-0: Foul Ball, location: 2F
0-1: Ground out 4-3 (Groundball, 4, EV 80.0 MPH)
Batting: RHB Gary Smith 0-0: Ground out 5-3 (Groundball, 56S, EV 80.0 MPH)
Top of the 3rd over - 0 runs, 0 hits, 0 errors, 0 left on base; Vanderbilt University 2 - UCLA 1
BOTTOM OF THE 3RD
UCLA Bruins batting - Pitching for Vanderbilt University Commodores : RHP Hector Agudelo
Batting: LHB Mark Cummings 0-0: Foul Ball, location: 2F
0-1: Ball
1-1: Ball
2-1: Foul Ball, location: 2F
2-2: Ground out 5-3 (Groundball, 56S, EV 81.2 MPH)
Batting: RHB Juan Carrillo 0-0: Called Strike
0-1: Ball
1-1: Fly out, F5 (Popup, 5SF, EV 76.2 MPH)
Batting: RHB Benedikt Fleischmann 0-0: Called Strike
0-1: Foul Ball, location: 2F
0-2: Foul Ball, location: 2F
0-2: Ball
1-2: Ground out 4-3 (Groundball, 4, EV 91.9 MPH)
Bottom of the 3rd over - 0 runs, 0 hits, 0 errors, 0 left on base; Vanderbilt University 2 - UCLA 1
TOP OF THE 4TH
Vanderbilt University Commodores batting - Pitching for UCLA Bruins : RHP Ernesto Reynaga
Batting: RHB Luis Jara 0-0: Called Strike
0-1: Foul Ball, location: 2F
0-2: Foul Ball, location: 2F
0-2: Ball
1-2: Ground out 6-3 (Groundball, 6MS, EV 68.1 MPH)
Batting: LHB Pete Mitchell 0-0: Foul Ball, location: 2F
0-1: Ball
1-1: SINGLE (Groundball, 34D, EV 94.4 MPH)
Batting: LHB Jose Diaz 0-0: Fly out, F8 (Flyball, 8LS, EV 94.4 MPH)
Batting: RHB Steve Webb 0-0: Swinging Strike
0-1: Foul Ball, location: 2F
0-2: Ball
1-2: Ground out 4-3 (Groundball, 34D, EV 86.9 MPH)
Top of the 4th over - 0 runs, 1 hit, 0 errors, 1 left on base; Vanderbilt University 2 - UCLA 1
BOTTOM OF THE 4TH
UCLA Bruins batting - Pitching for Vanderbilt University Commodores : RHP Hector Agudelo
Batting: RHB Hidesuke Yoshida 0-0: Swinging Strike
0-1: Foul Ball, location: 2F
0-2: Ball
1-2: Ball
2-2: Foul Ball, location: 2F
2-2: Ball
3-2: Foul Ball, location: 2F
3-2: SINGLE (Line Drive, 89M, EV 90.6 MPH)
Batting: RHB Xavier Reeves 0-0: Ball
1-0: DOUBLE (Flyball, 8LD, EV 88.8 MPH)
Hidesuke Yoshida to third
Batting: LHB Freddy Monge 0-0: Ball
1-0: Ground out 4-3 (Groundball, 4, EV 82.5 MPH)
Hidesuke Yoshida scores
Xavier Reeves to third
Batting: RHB Issac Konol 0-0: Called Strike
0-1: Swinging Strike
0-2: Ball
1-2: Ball
Wild Pitch!
Xavier Reeves scores
2-2: Ball
3-2: Foul Ball, location: 2F
3-2: Foul Ball, location: 2F
3-2: Strikes out swinging
Batting: SHB Sean Munns 0-0: Ball
1-0: Foul Ball, location: 2F
1-1: Swinging Strike
1-2: Ball
2-2: Foul Ball, location: 2F
2-2: Foul Ball, location: 2F
2-2: Foul Ball, location: 2F
2-2: Fly out, F9 (Flyball, 9D, EV 91.2 MPH)
Bottom of the 4th over - 2 runs, 2 hits, 0 errors, 0 left on base; Vanderbilt University 2 - UCLA 3
TOP OF THE 5TH
Vanderbilt University Commodores batting - Pitching for UCLA Bruins : RHP Ernesto Reynaga
Batting: LHB Chad Carlson 0-0: Ball
1-0: Called Strike
1-1: Swinging Strike
1-2: SINGLE (Groundball, 25, EV 70.6 MPH) (infield hit)
Batting: RHB Pakiana Kileona 0-0: Ball
1-0: Grounds into double play, 4-6-3 (Groundball, 4, EV 96.9 MPH)
Batting: LHB Mario Garza 0-0: Called Strike
0-1: Foul Ball, location: 2F
0-2: Ball
1-2: SINGLE (Groundball, 5S, EV 74.4 MPH) (infield hit)
Batting: LHB Nate Greening 0-0: Swinging Strike
0-1: Ball
1-1: Ball
2-1: Ball
3-1: Swinging Strike
3-2: Foul Ball, location: 2F
3-2: Foul Ball, location: 2F
3-2: Base on Balls
Mario Garza to second
Batting: RHB Gary Smith 0-0: Ball
1-0: Foul Ball, location: 2F
1-1: Foul Ball, location: 2F
1-2: Ball
2-2: Fly out, F7 (Flyball, 7, EV 94.4 MPH)
Top of the 5th over - 0 runs, 2 hits, 0 errors, 2 left on base; Vanderbilt University 2 - UCLA 3
BOTTOM OF THE 5TH
UCLA Bruins batting - Pitching for Vanderbilt University Commodores : RHP Hector Agudelo
Batting: RHB Carlos Murillo 0-0: Called Strike
0-1: SINGLE (Flyball, 3D, EV 98.8 MPH)
Batting: LHB Mark Cummings 0-0: Ball
1-0: Called Strike
1-1: Swinging Strike
1-2: Ball
2-2: Ball
3-2: Fly out, F7 (Flyball, 78M, EV 77.5 MPH)
Batting: RHB Juan Carrillo 0-0: Called Strike
0-1: Grounds into double play, 4-6-3 (Groundball, 34, EV 109.4 MPH)
Bottom of the 5th over - 0 runs, 1 hit, 0 errors, 0 left on base; Vanderbilt University 2 - UCLA 3
TOP OF THE 6TH
Vanderbilt University Commodores batting - Pitching for UCLA Bruins : RHP Ernesto Reynaga
Batting: RHB Luis Jara 0-0: Ground out 6-3 (Groundball, 6D, EV 100.0 MPH)
Batting: LHB Pete Mitchell 0-0: Ball
1-0: Ball
2-0: Called Strike
2-1: Ball
3-1: Foul Ball, location: 2F
3-2: Ground out U3 (Groundball, 3, EV 107.5 MPH)
Batting: LHB Jose Diaz 0-0: Foul Ball, location: 2F
0-1: Called Strike
0-2: Fly out, F7 (Flyball, 7, EV 94.4 MPH)
Top of the 6th over - 0 runs, 0 hits, 0 errors, 0 left on base; Vanderbilt University 2 - UCLA 3
BOTTOM OF THE 6TH
UCLA Bruins batting - Pitching for Vanderbilt University Commodores : RHP Hector Agudelo
Batting: RHB Benedikt Fleischmann 0-0: Foul Ball, location: 2F
0-1: Ground out U3 (Groundball, 34, EV 87.5 MPH)
Batting: RHB Hidesuke Yoshida 0-0: SINGLE (Groundball, 56, EV 106.2 MPH) (infield hit)
Batting: RHB Xavier Reeves 0-0: Fly out, F3 (Popup, 3S, EV 65.6 MPH)
Batting: LHB Freddy Monge 0-0: Ball
1-0: SINGLE (Groundball, 4D, EV 98.8 MPH)
Hidesuke Yoshida to second
Runner from 2nd tries for 3rd, SAFE, no throw by CF
Batting: RHB Issac Konol 0-0: Ball
1-0: DOUBLE (Flyball, 89XD, EV 109.4 MPH)
Hidesuke Yoshida scores
Freddy Monge to third
Pitching: RHP Tyler Patel
Batting: SHB Sean Munns 0-0: Ball
1-0: Ball
2-0: Called Strike
2-1: Foul Ball, location: 2F
2-2: DOUBLE (Line Drive, 5D, EV 101.2 MPH)
Freddy Monge scores
Issac Konol scores
Batting: RHB Carlos Murillo 0-0: Ball
1-0: Called Strike
1-1: Foul Ball, location: 2F
1-2: Strikes out swinging
Bottom of the 6th over - 3 runs, 4 hits, 0 errors, 1 left on base; Vanderbilt University 2 - UCLA 6
TOP OF THE 7TH
Vanderbilt University Commodores batting - Pitching for UCLA Bruins : RHP Ernesto Reynaga
Pitching: RHP Quincy Bowen
Batting: RHB Steve Webb 0-0: Called Strike
0-1: Called Strike
0-2: Fly out, F9 (Flyball, 9, EV 81.2 MPH)
Batting: LHB Chad Carlson 0-0: Fly out, F6 (Line Drive, 6M, EV 66.2 MPH)
Batting: RHB Pakiana Kileona 0-0: Ball
1-0: Foul Ball, location: 2F
1-1: Foul Ball, location: 2F
1-2: Foul Ball, location: 2F
1-2: Foul Ball, location: 2F
1-2: Fly out, F7 (Line Drive, 7S, EV 93.1 MPH)
Top of the 7th over - 0 runs, 0 hits, 0 errors, 0 left on base; Vanderbilt University 2 - UCLA 6
BOTTOM OF THE 7TH
UCLA Bruins batting - Pitching for Vanderbilt University Commodores : RHP Tyler Patel
Batting: LHB Mark Cummings 0-0: Ball
1-0: Ball
2-0: Ball
3-0: Called Strike
3-1: Called Strike
3-2: SINGLE (Line Drive, 6D, EV 102.5 MPH)
Batting: RHB Juan Carrillo 0-0: Sac Bunt to 2L - play at first, batter OUT! 2-3
Mark Cummings to second
Batting: RHB Benedikt Fleischmann 0-0: Called Strike
Mark Cummings steals 3rd base
0-1: Ball
1-1: Ball
2-1: Foul Ball, location: 2F
2-2: Foul Ball, location: 2F
2-2: Ground out 1-3 (Groundball, P, EV 68.8 MPH)
Batting: RHB Hidesuke Yoshida 0-0: SINGLE (Groundball, 6S, EV 68.1 MPH) (infield hit)
Mark Cummings scores
Batting: RHB Xavier Reeves 0-0: Called Strike
0-1: Fly out, F8 (Flyball, 8LD, EV 101.9 MPH)
Bottom of the 7th over - 1 run, 2 hits, 0 errors, 1 left on base; Vanderbilt University 2 - UCLA 7
TOP OF THE 8TH
Vanderbilt University Commodores batting - Pitching for UCLA Bruins : RHP Quincy Bowen
Batting: LHB Mario Garza 0-0: Swinging Strike
0-1: Ball
1-1: Called Strike
1-2: Strikes out swinging
Batting: LHB Nate Greening 0-0: Called Strike
0-1: Ball
1-1: Foul Ball, location: 2F
1-2: Strikes out swinging
Batting: RHB Gary Smith 0-0: Called Strike
0-1: Ball
1-1: Foul Ball, location: 2F
1-2: Ground out 6-3 (Groundball, 56, EV 90.0 MPH)
Top of the 8th over - 0 runs, 0 hits, 0 errors, 0 left on base; Vanderbilt University 2 - UCLA 7
BOTTOM OF THE 8TH
UCLA Bruins batting - Pitching for Vanderbilt University Commodores : RHP Tyler Patel
Batting: LHB Freddy Monge 0-0: Swinging Strike
0-1: Foul Ball, location: 2F
0-2: Ball
1-2: Ball
2-2: Ball
3-2: SINGLE (Line Drive, 6MD, EV 98.1 MPH)
Batting: RHB Issac Konol 0-0: Called Strike
0-1: Foul Ball, location: 2F
0-2: Fly out, F4 (Line Drive, 4, EV 66.2 MPH)
Batting: SHB Sean Munns 0-0: Foul Ball, location: 2F
0-1: Ball
1-1: Foul Ball, location: 2F
1-2: Foul Ball, location: 2F
1-2: Fielders Choice at 2nd, 1-6 (Groundball, 23, EV 61.2 MPH)
Pitching: LHP Norm Franklin
Batting: RHB Carlos Murillo 0-0: Ball
1-0: Called Strike
1-1: Ball
2-1: Ball
3-1: Called Strike
3-2: Strikes out looking
Bottom of the 8th over - 0 runs, 1 hit, 0 errors, 1 left on base; Vanderbilt University 2 - UCLA 7
TOP OF THE 9TH
Vanderbilt University Commodores batting - Pitching for UCLA Bruins : RHP Quincy Bowen
Pinch Hitting: RHB Chris Horton 0-0: SINGLE (Groundball, 56S, EV 72.5 MPH) (infield hit)
Batting: LHB Pete Mitchell 0-0: Ball
1-0: Ball
2-0: 2-RUN HOME RUN (Flyball, 9LD, EV 87.5 MPH), Distance : 330 ft
Pitching: RHP Kyle Mann
Batting: LHB Jose Diaz 0-0: Ball
1-0: Foul Ball, location: 2F
1-1: Called Strike
1-2: Ball
2-2: Strikes out swinging
Batting: RHB Steve Webb 0-0: Swinging Strike
0-1: Ball
1-1: SOLO HOME RUN (Flyball, 7D, EV 100.0 MPH), Distance : 372 ft
Batting: LHB Chad Carlson 0-0: Ball
1-0: Called Strike
1-1: Ball
2-1: Fly out, F7 (Line Drive, 7, EV 90.6 MPH)
Batting: RHB Pakiana Kileona 0-0: Ball
1-0: Foul Ball, location: 2F
1-1: Ball
2-1: Swinging Strike
2-2: Ball
3-2: Ground out 5-3 (Groundball, 56, EV 79.4 MPH)
Top of the 9th over - 3 runs, 3 hits, 0 errors, 0 left on base; Vanderbilt University 5 - UCLA 7
Tuesday, September 13th , 2022 - OOTP Baseball 23.7 Build 88